AoeStats
← brian_carp11

Arabia

503516899Analyzed
1v1 RM · 1mo ago on Sep 1, 2026· 50m 6s· 2 players
Game mode
Random Map
Map size
Tiny (2 player)
Population
200
Speed
Normal
Resources
Standard
Victory
Conquest
Starting age
Dark Age
Ending age
Imperial Age
RankedLock teamsTeams togetherTeam positionsShared explorationLock speedFull tech treeHidden civsTurbo modeCheats
Victory
Defeat
🇨🇱 Franks · Chile
341
+19
🇦🇷 Khmer · Argentina
401
-19
jake_el_perro
13:24 Feudal Age
13:53 Double-Bit Axe
14:03 Gold Mining
15:54 Man-at-Arms
16:20 Arson
17:48 Wheelbarrow
19:23 Stone Mining
25:32 Castle Age
26:45 Bow Saw
27:13 Gold Shaft Mining
27:28 Gambesons
27:04 Long Swordsman
28:24 Hand Cart
29:21 Forging
29:22 Loom
37:14 Imperial Age
38:06 Elite Throwing Axeman
39:08 Conscription
39:41 #83
39:08 Two-Handed Swordsman
39:26 Capped Ram
41:02 Champion
brian_carp11
5:21 Loom
11:39 Feudal Age
13:18 Double-Bit Axe
15:35 Horse Collar
16:28 Gold Mining
24:23 Castle Age
22:21 Stone Mining
27:15 Heavy Plow
30:18 Bow Saw
31:12 Wheelbarrow
33:20 Stone Shaft Mining
33:26 Gold Shaft Mining
33:01 Pikeman
35:33 Forging
36:46 Arson
37:19 Hand Cart
38:03 Iron Casting
41:01 Imperial Age
39:55 Tusk Swords
39:53 Town Watch
41:25 Scale Mail Armor
41:35 Fletching
42:49 Blast Furnace
43:54 Fervor
44:50 Chemistry
44:14 Ballistics
43:55 Murder Holes
43:25 Halberdier
43:47 Elite Ballista Elephant
44:33 Double Crossbow
45:26 Chain Mail Armor
Connection lost

Rejoining the realm…

Still unreachable

The connection could not be restored.

Session expired

The server has moved on; the page needs a fresh start.